 Dungeon Crawl Stone Soup version 0.31-a0-214-gb37851dbb3 (webtiles) character file.

Game seed: 10011708233631624554

74 innerfire43 the Trooper (level 4, -4/37 HPs)
             Began as a Demonspawn Monk on July 1, 2023.
             Slain by a gnoll
             ... wielding a +0 whip
              (7 damage)
             ... on level 3 of the Dungeon.
             The game lasted 00:01:27 (2028 turns).

innerfire43 the Trooper (Demonspawn Monk)           Turns: 2028, Time: 00:01:28

Health: -4/37      AC:  4    Str: 13    XL:     4   Next: 10%
Magic:  4/4        EV: 13    Int: 12    God:
Gold:   109        SH:  0    Dex: 15    Spells: 3/3 levels left

rFire   . . .        a - +0 hand axe
rCold   . . .        d - orb {light}
rNeg    . . .        b - +0 robe
rPois   .            (no helmet)
rElec   .            (no cloak)
rCorr   .            g - +0 pair of gloves
SInv    .            (no boots)
Will    .....        (no amulet)
Stlth   +            (no ring)
HPRegen 0.26/turn    (no ring)
MPRegen 0.09/turn

%: no passive effects
@: glowing
A: foul stench 1, sharp scales 1, demonic magic 1
a: no special abilities


You were on level 3 of the Dungeon.
You visited 1 branch of the dungeon, and saw 3 of its levels.

You collected 109 gold pieces.

Inventory:

Hand Weapons
 a - a +0 hand axe (weapon)
Armour
 b - a +0 robe (worn)
 d - an orb of light (worn)
 g - a +0 pair of gloves (worn)
Jewellery
 i - an amulet of the acrobat
 j - a ring of fire
Scrolls
 e - a scroll of identify {unknown}
 h - a scroll of noise {unknown}
 k - a scroll of butterflies {unknown}
 l - a scroll of poison {unknown}
 m - a scroll of fog {unknown}
Potions
 f - 2 potions of curing


   Skills:
 + Level 3.7 Fighting
 + Level 3.4 Axes
 + Level 3.4 Dodging


You had 3 spell levels left.
You didn't know any spells.
Your spell library contained the following spells:

 Spells                   Type           Power      Damage    Failure   Level
 Summon Guardian Golem    Hex/Summ       0%         N/A       69%         3
 Orb of Destruction       Conj           0%         9d5       100%        7
 Spellforged Servitor     Conj/Summ      0%         N/A       100%        7


Dungeon Overview and Level Annotations

Branches:
Dungeon (3/15)

Altars:

Shops:
D:2 [


Innate Abilities, Weirdness & Mutations

You may rarely emit foul miasma when damaged in melee.
You are partially covered in razor-sharp scales. (AC +1, Slay +1)
Spells you cast may paralyse adjacent enemies.


Message History

You hit the gnoll but do no damage.
The gnoll is severely wounded.
A quokka comes into view.
You completely miss the gnoll.
The gnoll is severely wounded.
The gnoll hits you with a +0 spear.
You are too injured to fight recklessly!
You are too injured to fight recklessly!
Unknown command.
You hit the gnoll.
You kill the gnoll!
You hit the gnoll but do no damage. The gnoll hits you but does no damage.
The gnoll hits you with a +0 whip.
* * * LOW HITPOINT WARNING * * *
You have reached level 4!
You feel clever.
Your demonic ancestry asserts itself...
Sharp scales grow over part of your body.
You are confused.
You feel invigorated.
You hit the gnoll.
The gnoll is heavily wounded.
You hit the gnoll. The gnoll barely misses you.
The gnoll hits you with a +0 whip!
You hit the gnoll.
The gnoll is severely wounded.
You hit the gnoll. The gnoll hits you with a +0 whip!
* * * LOW HITPOINT WARNING * * *
The gnoll hits you with a +0 whip!
* * * LOW HITPOINT WARNING * * *
You hit the gnoll.
The gnoll is almost dead.
You hit the gnoll.
You feel less invigorated.
You feel less confused. The gnoll hits you with a +0 whip.
* * * LOW HITPOINT WARNING * * *
The gnoll barely misses you.
It was a potion of curing.
You feel better. The gnoll hits you with a +0 whip.
* * * LOW HITPOINT WARNING * * *
The gnoll hits you with a +0 whip!
You die...

.. .. ###### .###
..... ... ...# .g
...#### #r ##^.....##
#g### ####..#......
#g@.# #....##.....#
###.####.##<...#
#..###.##.#..#
#####..#.......#####
#.........)..#......
...######.###...#...<
# #.#....##....
#......##.))†
....##.##....


You could see 3 gnolls and a quokka.

Vanquished Creatures
  A gnoll (D:3)
  3 adders
  4 bats
  2 endoplasms
  2 giant cockroaches
  4 goblins
  4 hobgoblins
  2 jackals (D:1)
  3 quokkas
  2 ball pythons (D:2)
  2 frilled lizards (D:1)
  2 kobolds
  5 rats
36 creatures vanquished.

Notes
Turn   | Place    | Note
-------+----------+-------------------------------------------
     0 | D:1      | innerfire43 the Demonspawn Monk began the quest for the
                  | Orb.
     0 | D:1      | Reached XP level 1. HP: 18/18 MP: 1/1
   183 | D:1      | Gained mutation: You may rarely emit foul miasma when
                  | damaged in melee. [demonic ancestry]
   183 | D:1      | Reached XP level 2. HP: 12/24 MP: 2/2
  1040 | D:2      | Gained mutation: Spells you cast may paralyse adjacent
                  | enemies. [demonic ancestry]
  1040 | D:2      | Reached XP level 3. HP: 29/29 MP: 3/3
  1326 | D:2      | Found a faded altar of an unknown god.
  1644 | D:2      | Found Dainn's Antique Armour Shop.
  2024 | D:3      | Gained mutation: You are partially covered in razor-sharp
                  | scales. (AC +1, Slay +1) [demonic ancestry]
  2024 | D:3      | Reached XP level 4. HP: 12/37 MP: 4/4
  2027 | D:3      | HP: 1/37 [gnoll/+0 whip (5)]
  2028 | D:3      | Slain by a gnoll

Illustrated notes

Levels and vault maps discovered:
D:1:      pf_arrival_petrified_forest, layout_basic
D:2:      layout_basic, dreamdust_ecumenical_altar_angels_and_demons,
          serial_shops, nicolae_shop_trees
D:3:      layout_rooms

Skill      XL: |  1  2 |
---------------+-------+-----
Axes           | 3 |  3.4
Dodging        | 3 |  3.4
Fighting       | |  3.7

Action                     |  1- 3 |  4- 6 || total
---------------------------+-------+-------++-------
  Melee: Hand axe          |    89 |     3 ||    92
    Use: Scroll            |     1 |       ||     1
         Potion            |       |     2 ||     2
 Armour: Robe              |    27 |       ||    27
  Dodge: Dodged            |    67 |     2 ||    69

Table legend: (Time is in decaauts)
 A = Elapsed time spent in this place.
 B = Non-inter-level travel time spent in this place.
 C = Inter-level travel time spent in this place.
 D = Time resting spent in this place.
 E = Time spent auto-exploring this place.
 F = Levels seen in this place.
 G = Mean time per level.
                   A        B        C        D        E       F      G
               +--------+--------+--------+--------+--------+-----+--------+
         Total |   2041 |   1921 |    120 |      0 |   1704 |   3 |  680.3 |
       Dungeon |   2041 |   1921 |    120 |      0 |   1704 |   3 |  680.3 |
               +--------+--------+--------+--------+--------+-----+--------+

Top non-repeatable levels by time:
     D:1: 970 daAuts
     D:2: 950 daAuts
     D:3: 121 daAuts
